General information
- name: BNet
- type: Ladder team game (AT/RT)
- host: Battle.net
- saver: BEAR_AND
map: RiverOfSouls
- players: 6
- length: 34:30
- speed: Fast
- version: 1.21 W3XP
- replay type:

» download(210 KB)
Players
team 1 (loser)
DaRkXxPaNtHeRx (
purple | 43 APM | 1488 actions | 34:29)
3 Priestess of the Moon
2 Trueshot Aura
1 Searing Arrows
» actions
| Build / train | 81 | |
| Enter build submenu | 22 | |
| Enter hero's abilities submenu | 3 | |
| Remove unit from queue | 1 | |
| Right click | 755 | |
| Select / deselect | 560 | |
| Use ability | 66 | |
1488 total
» units
| Wisp | 11 | |
| Huntress | 23 | |
| Glaive Thrower | 7 | |
| Chimaera | 11 | |
52 total
» upgrades
| Strength of the Moon | 1 | |
| Strength of the Wild | 2 | |
| Reinforced Hides | 2 | |
| Corrosive Breath | 1 | |
6 total
» buildings
| Altar of Elders | 1 | |
| Moon Well | 10 | |
| Hunter's Hall | 1 | |
| Ancient of War | 3 | |
| Tree of Ages | 3 | |
| Tree of Eternity | 3 | |
| Ancient of Wind | 1 | |
| Chimaera Roost | 3 | |
25 total
» build order
00:09 Altar of Elders
00:14 Moon Well
00:43 Hunter's Hall
01:08 Ancient of War
01:41 Moon Well
02:02 Ancient of War
02:10 Moon Well
02:41 Ancient of War
03:32 Moon Well
04:18 Moon Well
06:00 Tree of Ages
06:00 Tree of Ages
06:30 Moon Well
07:15 Moon Well
09:06 Tree of Eternity
09:06 Tree of Eternity
10:15 Ancient of Wind
10:49 Moon Well
12:37 Chimaera Roost
13:47 Chimaera Roost
13:55 Chimaera Roost
17:14 Moon Well
21:51 Moon Well
» items
deadplaya (
orange | 50 APM | 1579 actions | 31:18)
5 Death Knight
3 Death Coil
2 Unholy Aura
» actions
| Assign group hotkey | 16 | |
| Basic commands | 128 | |
| Build / train | 63 | |
| Enter build submenu | 19 | |
| Enter hero's abilities submenu | 5 | |
| Right click | 806 | |
| Select / deselect | 409 | |
| Select group hotkey | 80 | |
| Use ability | 53 | |
1579 total
» units
| Acolyte | 10 | |
| Ghoul | 5 | |
| Crypt Fiend | 12 | |
| Necromancer | 4 | |
| Meatwagon | 2 | |
| Obsidian Statue | 2 | |
| Gargoyle | 5 | |
| Frost Wyrm | 4 | |
44 total
» upgrades
| Creature Attack | 3 | |
| Creature Carapace | 2 | |
| Web | 1 | |
| Burrow | 1 | |
| Freezing Breath | 1 | |
8 total
» buildings
| Crypt | 3 | |
| Altar of Darkness | 1 | |
| Ziggurat | 8 | |
| Graveyard | 1 | |
| Halls of the Dead | 1 | |
| Temple of the Damned | 1 | |
| Slaughterhouse | 1 | |
| Black Citadel | 1 | |
| Tomb of Relics | 1 | |
| Nerubian Tower | 2 | |
| Sacrificial Pit | 1 | |
| Boneyard | 1 | |
22 total
» build order
00:23 Crypt
00:28 Altar of Darkness
00:31 Ziggurat
00:59 Graveyard
01:18 Ziggurat
02:05 Crypt
04:12 Ziggurat
07:15 Halls of the Dead
07:19 Ziggurat
08:01 Ziggurat
08:02 Ziggurat
10:57 Temple of the Damned
10:59 Slaughterhouse
12:30 Black Citadel
12:42 Tomb of Relics
12:44 Nerubian Tower
12:47 Nerubian Tower
13:54 Sacrificial Pit
14:55 Boneyard
18:26 Ziggurat
19:08 Ziggurat
26:26 Crypt
xXtheReaperXx (
teal | 27 APM | 937 actions | 34:29)
3 Far Seer
2 Feral Spirit
1 Chain Lighting
» actions
| Basic commands | 4 | |
| Build / train | 50 | |
| Enter build submenu | 17 | |
| Enter hero's abilities submenu | 5 | |
| Right click | 468 | |
| Select / deselect | 333 | |
| Use ability | 60 | |
937 total
» units
» upgrades
| Ranged Weapons | 3 | |
| Liquid Fire | 1 | |
4 total
» buildings
| Altar of Storms | 1 | |
| Orc Burrow | 4 | |
| War Mill | 1 | |
| Stronghold | 1 | |
| Beastiary | 2 | |
| Voodoo Lounge | 2 | |
| Fortress | 1 | |
| Watch Tower | 7 | |
| Ziggurat | 16 | |
35 total
» build order
00:07 Altar of Storms
00:11 Orc Burrow
07:38 War Mill
08:22 Stronghold
16:04 Beastiary
16:11 Beastiary
17:01 Orc Burrow
17:04 Orc Burrow
17:12 Orc Burrow
17:26 Voodoo Lounge
17:49 Voodoo Lounge
18:07 Fortress
27:50 Watch Tower
27:52 Watch Tower
27:53 Watch Tower
27:55 Watch Tower
27:57 Watch Tower
28:02 Watch Tower
29:22 Watch Tower
31:34 Ziggurat
31:35 Ziggurat
31:36 Ziggurat
31:37 Ziggurat
31:39 Ziggurat
31:42 Ziggurat
31:44 Ziggurat
31:57 Ziggurat
31:59 Ziggurat
32:02 Ziggurat
32:07 Ziggurat
32:12 Ziggurat
32:50 Ziggurat
32:51 Ziggurat
33:06 Ziggurat
33:07 Ziggurat
team 2 (winner)
BEAR_AND (
red | 76 APM | 2630 actions | 34:30)
5 Blademaster
3 Wind Walk
1 Critical Strike
1 Mirror Image
» actions
| Assign group hotkey | 13 | |
| Basic commands | 1 | |
| Build / train | 67 | |
| Enter build submenu | 82 | |
| Enter hero's abilities submenu | 5 | |
| Give item / drop item | 2 | |
| Right click | 1502 | |
| Select / deselect | 287 | |
| Select group hotkey | 512 | |
| Use ability | 159 | |
2630 total
» units
» upgrades
| Spiked Barricades | 1 | |
| Ranged Weapons | 3 | |
| Liquid Fire | 1 | |
| Armor | 1 | |
6 total
» buildings
| War Mill | 1 | |
| Orc Burrow | 4 | |
| Altar of Storms | 1 | |
| Watch Tower | 61 | |
| Voodoo Lounge | 2 | |
| Stronghold | 1 | |
| Beastiary | 2 | |
| Fortress | 1 | |
73 total
» build order
00:10 War Mill
00:13 Orc Burrow
00:50 Altar of Storms
01:31 Watch Tower
02:02 Watch Tower
02:22 Watch Tower
02:31 Watch Tower
02:55 Watch Tower
03:09 Watch Tower
03:29 Watch Tower
04:10 Watch Tower
04:19 Watch Tower
04:23 Watch Tower
04:27 Watch Tower
04:30 Watch Tower
04:59 Voodoo Lounge
05:01 Watch Tower
05:04 Watch Tower
05:08 Stronghold
05:26 Watch Tower
05:52 Watch Tower
05:58 Watch Tower
06:13 Watch Tower
06:14 Watch Tower
06:17 Watch Tower
06:25 Watch Tower
06:46 Watch Tower
06:50 Watch Tower
06:55 Watch Tower
06:56 Watch Tower
07:54 Watch Tower
08:02 Watch Tower
08:11 Beastiary
08:16 Beastiary
08:29 Watch Tower
08:45 Orc Burrow
09:44 Watch Tower
09:47 Watch Tower
09:51 Watch Tower
09:52 Watch Tower
09:54 Watch Tower
10:12 Orc Burrow
11:52 Orc Burrow
12:27 Watch Tower
12:29 Watch Tower
15:42 Fortress
16:29 Watch Tower
16:30 Watch Tower
16:33 Watch Tower
17:50 Watch Tower
17:51 Watch Tower
17:52 Watch Tower
17:56 Watch Tower
17:58 Watch Tower
18:00 Watch Tower
19:08 Watch Tower
19:08 Watch Tower
19:17 Watch Tower
19:19 Watch Tower
19:52 Watch Tower
20:02 Watch Tower
20:50 Watch Tower
21:11 Voodoo Lounge
22:58 Watch Tower
22:59 Watch Tower
24:46 Watch Tower
24:47 Watch Tower
26:30 Watch Tower
27:27 Watch Tower
27:33 Watch Tower
28:18 Watch Tower
29:01 Watch Tower
31:54 Watch Tower
» items
| Lesser Clarity Potion | 3 | |
| Healing Salve | 2 | |
| Boots of Speed | 1 | |
| Staff of Teleportation | 1 | |
| Orb of Lightning | 1 | |
8 total
bLinn (
green | 102 APM | 3527 actions | 34:29)
5 Warden
3 Shadow Strike
2 Blink
4 Keeper of the Grove
2 Entangling Roots
2 Thorns Aura
» actions
| Assign group hotkey | 137 | |
| Basic commands | 17 | |
| Build / train | 106 | |
| Enter build submenu | 22 | |
| Enter hero's abilities submenu | 9 | |
| Give item / drop item | 3 | |
| Remove unit from queue | 6 | |
| Right click | 1818 | |
| Select / deselect | 397 | |
| Select group hotkey | 916 | |
| Use ability | 95 | |
3527 total
» units
| Wisp | 24 | |
| Chimaera | 12 | |
| Hippogryph | 18 | |
54 total
» upgrades
| Corrosive Breath | 1 | |
| Well Spring | 1 | |
| Ultravision | 2 | |
| Strength of the Wild | 3 | |
| Reinforced Hides | 3 | |
10 total
» buildings
| Altar of Elders | 1 | |
| Moon Well | 9 | |
| Tree of Ages | 2 | |
| Ancient of Wind | 2 | |
| Tree of Life | 1 | |
| Tree of Eternity | 3 | |
| Hunter's Hall | 1 | |
| Chimaera Roost | 2 | |
| Ancient of Wonders | 2 | |
23 total
» build order
00:02 Altar of Elders
00:04 Moon Well
00:11 Moon Well
01:48 Moon Well
03:56 Tree of Ages
04:09 Moon Well
04:22 Moon Well
05:05 Moon Well
06:12 Moon Well
06:27 Ancient of Wind
07:05 Tree of Life
07:51 Tree of Eternity
07:51 Tree of Eternity
07:52 Tree of Eternity
08:18 Moon Well
09:59 Moon Well
10:10 Hunter's Hall
10:25 Chimaera Roost
10:28 Chimaera Roost
11:54 Ancient of Wonders
20:49 Ancient of Wonders
31:58 Ancient of Wind
» items
| Boots of Speed | 1 | |
| Healing Salve | 1 | |
| Lesser Clarity Potion | 1 | |
| Staff of Teleportation | 1 | |
| Orb of Venom | 1 | |
| Staff of Preservation | 1 | |
| Scroll of Town Portal | 1 | |
7 total
dirtmcwordup (
yellow | 69 APM | 2396 actions | 34:29)
5 Archmage
3 Blizzard
2 Brilliance Aura
5 Blood Mage
3 Flame Strike
2 Siphon Mana
» actions
| Assign group hotkey | 3 | |
| Basic commands | 70 | |
| Build / train | 121 | |
| ESC pressed | 3 | |
| Enter build submenu | 87 | |
| Enter hero's abilities submenu | 10 | |
| Give item / drop item | 3 | |
| Right click | 966 | |
| Select / deselect | 254 | |
| Select group hotkey | 640 | |
| Use ability | 238 | |
2396 total
» units
» upgrades
| Masonry | 3 | |
| Lumber Harvesting | 2 | |
| Magic Sentry | 1 | |
| Priest Training | 1 | |
| Sorceress Training | 1 | |
| Armor | 3 | |
| Swords | 3 | |
| Storm Hammers | 1 | |
| Cloud | 1 | |
| Animal War Training | 1 | |
17 total
» buildings
| Altar of Kings | 1 | |
| Lumber Mill | 2 | |
| Farm | 14 | |
| Scout Tower | 116 | |
| Arcane Tower | 1 | |
| Guard Tower | 62 | |
| Town Hall | 1 | |
| Keep | 1 | |
| Arcane Sanctum | 1 | |
| Castle | 1 | |
| Arcane Vault | 2 | |
| Blacksmith | 1 | |
| Gryphon Aviary | 2 | |
| Barracks | 1 | |
206 total
» build order
00:05 Altar of Kings
00:08 Lumber Mill
00:28 Farm
00:47 Scout Tower
01:15 Arcane Tower
01:16 Scout Tower
01:19 Farm
01:43 Guard Tower
01:44 Scout Tower
01:58 Scout Tower
02:14 Guard Tower
02:17 Scout Tower
02:31 Guard Tower
02:33 Scout Tower
02:55 Guard Tower
02:56 Scout Tower
03:02 Guard Tower
03:25 Scout Tower
03:26 Scout Tower
03:27 Scout Tower
04:02 Guard Tower
04:03 Scout Tower
04:05 Scout Tower
04:06 Scout Tower
04:09 Scout Tower
04:09 Scout Tower
04:10 Scout Tower
04:14 Guard Tower
04:59 Guard Tower
05:10 Town Hall
05:16 Guard Tower
05:19 Guard Tower
05:27 Guard Tower
05:30 Scout Tower
05:33 Scout Tower
05:34 Scout Tower
05:38 Guard Tower
05:40 Scout Tower
05:41 Scout Tower
05:42 Scout Tower
06:03 Guard Tower
06:05 Guard Tower
06:32 Guard Tower
06:33 Scout Tower
06:34 Scout Tower
06:35 Scout Tower
07:01 Keep
07:03 Guard Tower
07:07 Scout Tower
07:08 Scout Tower
07:09 Scout Tower
07:16 Guard Tower
07:28 Scout Tower
07:29 Scout Tower
08:00 Guard Tower
08:03 Scout Tower
08:03 Scout Tower
08:05 Guard Tower
08:26 Guard Tower
08:32 Guard Tower
08:38 Scout Tower
08:40 Scout Tower
08:42 Scout Tower
08:43 Scout Tower
08:44 Scout Tower
08:44 Scout Tower
08:49 Guard Tower
08:58 Guard Tower
09:00 Scout Tower
09:01 Scout Tower
10:00 Guard Tower
10:03 Scout Tower
10:03 Scout Tower
10:04 Scout Tower
10:09 Guard Tower
10:21 Arcane Sanctum
10:22 Scout Tower
10:28 Guard Tower
11:00 Guard Tower
11:02 Castle
11:46 Guard Tower
11:47 Scout Tower
12:06 Scout Tower
12:06 Scout Tower
12:07 Scout Tower
12:13 Guard Tower
12:16 Guard Tower
12:19 Scout Tower
12:22 Scout Tower
12:28 Scout Tower
12:36 Scout Tower
12:37 Scout Tower
12:38 Scout Tower
12:40 Scout Tower
12:52 Guard Tower
13:06 Guard Tower
13:41 Guard Tower
13:45 Scout Tower
13:46 Scout Tower
13:59 Arcane Vault
14:51 Guard Tower
15:04 Scout Tower
15:06 Scout Tower
15:07 Scout Tower
15:26 Guard Tower
15:30 Blacksmith
15:34 Scout Tower
15:35 Scout Tower
15:37 Scout Tower
15:42 Guard Tower
15:57 Guard Tower
16:10 Guard Tower
16:13 Scout Tower
16:14 Scout Tower
16:15 Scout Tower
16:19 Scout Tower
16:22 Guard Tower
16:26 Scout Tower
16:28 Scout Tower
16:28 Scout Tower
16:31 Scout Tower
16:31 Scout Tower
16:32 Scout Tower
16:33 Scout Tower
16:54 Guard Tower
17:05 Guard Tower
17:43 Guard Tower
18:04 Guard Tower
18:14 Guard Tower
18:18 Guard Tower
18:25 Gryphon Aviary
18:26 Gryphon Aviary
18:32 Barracks
18:53 Guard Tower
18:57 Guard Tower
19:00 Scout Tower
19:02 Scout Tower
19:04 Scout Tower
19:09 Scout Tower
19:09 Scout Tower
19:13 Scout Tower
19:16 Scout Tower
19:17 Scout Tower
19:19 Scout Tower
19:19 Scout Tower
19:22 Scout Tower
19:23 Scout Tower
19:23 Scout Tower
19:26 Scout Tower
19:27 Scout Tower
19:28 Scout Tower
19:28 Scout Tower
20:02 Guard Tower
21:15 Guard Tower
21:28 Guard Tower
23:01 Guard Tower
23:03 Scout Tower
23:05 Scout Tower
23:05 Scout Tower
23:06 Scout Tower
23:20 Farm
23:22 Farm
23:23 Farm
23:25 Farm
23:26 Farm
23:27 Farm
23:28 Farm
23:29 Farm
23:30 Farm
23:31 Farm
23:32 Farm
23:44 Guard Tower
24:06 Guard Tower
25:15 Guard Tower
25:28 Guard Tower
25:49 Scout Tower
25:50 Scout Tower
25:51 Scout Tower
25:52 Scout Tower
25:53 Scout Tower
25:54 Scout Tower
25:58 Scout Tower
25:59 Scout Tower
26:01 Scout Tower
26:25 Farm
26:42 Guard Tower
27:39 Guard Tower
27:47 Guard Tower
27:49 Guard Tower
27:55 Arcane Vault
28:15 Scout Tower
28:16 Scout Tower
28:17 Scout Tower
28:18 Scout Tower
28:20 Scout Tower
28:21 Scout Tower
28:23 Scout Tower
28:23 Scout Tower
28:29 Guard Tower
28:47 Guard Tower
31:02 Guard Tower
31:12 Lumber Mill
31:47 Scout Tower
31:48 Scout Tower
31:50 Scout Tower
31:51 Scout Tower
» items
| Staff of Teleportation | 2 | |
| Boots of Speed | 2 | |
| Staff of Sanctuary | 2 | |
| Orb of Lightning | 2 | |
| Scroll of Regeneration | 1 | |
9 total
Chat log
(00:23 / All) dirtmcwordup: Good Luck And Have Fun
(00:28 / All) DaRkXxPaNtHeRx: oh my gosh deadplaya likes hardcore porn wtf?
(00:28 / All) DaRkXxPaNtHeRx: oh my gosh deadplaya likes hardcore porn wtf?
(00:28 / All) DaRkXxPaNtHeRx: oh my gosh deadplaya likes hardcore porn wtf?
(00:29 / All) DaRkXxPaNtHeRx: oh my gosh deadplaya likes hardcore porn wtf?
(00:30 / All) DaRkXxPaNtHeRx: oh my gosh deadplaya likes hardcore porn wtf?
(00:30 / All) DaRkXxPaNtHeRx: oh my gosh deadplaya likes hardcore porn wtf?
(00:34 / All) xXtheReaperXx: ?
(00:36 / All) DaRkXxPaNtHeRx: news flash
(00:46 / All) BEAR_AND: u noobs?
(00:47 / All) bLinn: please... manner up
(00:48 / All) deadplaya: its tru^^
(00:54 / Allies) dirtmcwordup: source
(00:56 / All) DaRkXxPaNtHeRx: its the teenage hormons
(00:56 / All) DaRkXxPaNtHeRx: LMAO
(00:58 / All) DaRkXxPaNtHeRx: THE TRUTH
(01:04 / Allies) dirtmcwordup: source
(01:05 / Allies) dirtmcwordup: source
(01:06 / Allies) dirtmcwordup: source
(01:07 / Allies) dirtmcwordup: source
(01:08 / Allies) dirtmcwordup: source
(01:09 / Allies) dirtmcwordup: source
(01:10 / Allies) dirtmcwordup: source
(01:13 / All) deadplaya: stfu u wanna knock up hanna montana
(01:17 / All) DaRkXxPaNtHeRx: oh my gosh deadplaya likes hardcore porn wtf?
(01:22 / All) DaRkXxPaNtHeRx: NAH
(01:27 / All) DaRkXxPaNtHeRx: pass
(01:37 / All) xXtheReaperXx: if it involves an abortion
(01:39 / All) xXtheReaperXx: =D
(01:49 / Allies) BEAR_AND: take both xpo
(02:43 / Allies) BEAR_AND: dk not harrassing? noob
(03:12 / Allies) dirtmcwordup: kill aco
(03:15 / Allies) dirtmcwordup: garg feed
(03:23 / Allies) bLinn: he's not even teching
(03:32 / Allies) dirtmcwordup: they feeding something
(05:04 / Allies) dirtmcwordup: gold
(05:09 / Allies) BEAR_AND: wood
(05:11 / Allies) BEAR_AND: oh ty
(05:18 / All) DaRkXxPaNtHeRx: wow
(05:22 / All) BEAR_AND: nice. good 1
(05:45 / All) DaRkXxPaNtHeRx: Good one
(05:48 / All) DaRkXxPaNtHeRx: fucking scrub
(05:54 / All) BEAR_AND: u like to lose?
(06:01 / All) BEAR_AND: cause u going to . lmfao
(06:04 / All) DaRkXxPaNtHeRx: im not minding it lately
(06:07 / All) DaRkXxPaNtHeRx: True
(06:30 / Allies) BEAR_AND: wood please
(06:37 / Allies) BEAR_AND: & take expo
(06:55 / Allies) bLinn: am i goin for chim?
(06:58 / Allies) BEAR_AND: yes
(07:04 / Allies) dirtmcwordup: gold
(07:45 / All) bLinn: nice surr
(07:58 / Allies) BEAR_AND: wood?
(08:55 / All) BEAR_AND: hmmm. gargs lmao
(09:28 / All) DaRkXxPaNtHeRx: silly green
(09:31 / All) DaRkXxPaNtHeRx: tps are for bm's
(09:32 / Allies) bLinn: haha
(09:33 / Allies) BEAR_AND: wood
(10:31 / Allies) dirtmcwordup: lum
(10:34 / Allies) BEAR_AND: anyway....we got glaive coming.
(10:43 / Allies) dirtmcwordup: hes got 5 red worker
(10:45 / Allies) dirtmcwordup: lets kill
(11:57 / Allies) BEAR_AND: wood?
(12:01 / Allies) dirtmcwordup: me too
(12:13 / Allies) BEAR_AND: ty
(12:18 / Allies) bLinn: i need for chim
(12:42 / Allies) BEAR_AND: here we go
(12:44 / Allies) dirtmcwordup: bring wips
(13:14 / Allies) dirtmcwordup: bring wisp retard fag noob
(13:35 / All) BEAR_AND: man
(13:36 / All) BEAR_AND: you suck
(13:39 / All) BEAR_AND: a lot.
(13:44 / All) BEAR_AND: might have to put u all on the Pwn list
(13:46 / All) BEAR_AND: what u think?
(13:57 / All) DaRkXxPaNtHeRx: oh my gosh deadplaya likes hardcore porn wtf?
(13:57 / All) DaRkXxPaNtHeRx: oh my gosh deadplaya likes hardcore porn wtf?
(13:58 / All) DaRkXxPaNtHeRx: oh my gosh deadplaya likes hardcore porn wtf?
(13:58 / All) DaRkXxPaNtHeRx: oh my gosh deadplaya likes hardcore porn wtf?
(13:58 / All) DaRkXxPaNtHeRx: oh my gosh deadplaya likes hardcore porn wtf?
(13:59 / All) DaRkXxPaNtHeRx: oh my gosh deadplaya likes hardcore porn wtf?
(13:59 / All) DaRkXxPaNtHeRx: oh my gosh deadplaya likes hardcore porn wtf?
(14:05 / All) bLinn: are there light panthers
(14:06 / All) DaRkXxPaNtHeRx: my opinion
(14:17 / All) DaRkXxPaNtHeRx: R thx
(14:44 / All) DaRkXxPaNtHeRx: hey
(14:49 / All) DaRkXxPaNtHeRx: Tel ur clan bot to turn off
(14:54 / All) DaRkXxPaNtHeRx: hes annoying
(15:36 / Allies) bLinn: im doen it bros
(15:47 / Allies) BEAR_AND: wood?
(15:53 / Allies) bLinn: get tim to give
(16:00 / All) DaRkXxPaNtHeRx: TURN THE FUCKING BOT OFF
(16:02 / All) BEAR_AND: nah
(16:03 / All) DaRkXxPaNtHeRx: HOLY CHRIST ITS ANNOYING
(16:10 / All) BEAR_AND: lol....lol
(16:12 / All) DaRkXxPaNtHeRx: you jew
(16:16 / All) bLinn: should have thought about that before you got owned..
(16:23 / All) BEAR_AND: yes u did
(16:23 / All) DaRkXxPaNtHeRx: i was thinking about that
(16:23 / All) BEAR_AND: lmao
(16:24 / All) DaRkXxPaNtHeRx: Dumbass
(16:30 / All) DaRkXxPaNtHeRx: Thats why i killed all of ur heros
(16:31 / All) DaRkXxPaNtHeRx: Atleast onces
(16:33 / All) DaRkXxPaNtHeRx: duh?
(16:34 / All) DaRkXxPaNtHeRx: silly scrubs
(16:36 / All) BEAR_AND: lol??? level 1 heroes?
(16:37 / All) bLinn: doesn't matter.. you lose
(16:38 / All) DaRkXxPaNtHeRx: trix are for bm's
(16:39 / All) BEAR_AND: not really ownage????
(16:53 / All) bLinn: we sacrificed for the victory- you got owned
(17:07 / Allies) BEAR_AND: boots & stoots
(17:30 / All) BEAR_AND: lmao. noob got no burrow?
(17:35 / All) bLinn: LOLOL
(17:38 / Allies) BEAR_AND: wood pleas
(17:44 / All) deadplaya: STOP
(17:48 / All) BEAR_AND: stop what?
(18:00 / Allies) dirtmcwordup: make shop up top and t3 plz
(18:07 / Allies) dirtmcwordup: make here
(18:11 / Allies) dirtmcwordup: my island a crowded soon.
(18:15 / All) DaRkXxPaNtHeRx: BOB SAGGET WILL HAVE HIS REVENGE
(18:17 / All) DaRkXxPaNtHeRx: lol
(18:18 / Allies) bLinn: who is this directed to
(18:43 / Allies) dirtmcwordup: lum
(19:49 / All) DaRkXxPaNtHeRx: clan towa is for noobs
(19:54 / All) BEAR_AND: u lose to us?
(19:56 / All) BEAR_AND: lmao
(20:03 / All) DaRkXxPaNtHeRx: lmao
(20:04 / Allies) dirtmcwordup: lumlumlum
(20:23 / Allies) dirtmcwordup: hey fat noob give me shop up top thanks pop
(20:30 / Allies) BEAR_AND: which
(20:31 / Allies) BEAR_AND: ne
(20:34 / Allies) bLinn: can't be me i'm not a fat noob
(20:36 / Allies) BEAR_AND: not me ig uss cause you don't say on vent
(20:46 / Allies) dirtmcwordup: stop blade
(20:47 / Allies) dirtmcwordup: got glove
(20:48 / Allies) dirtmcwordup: for you
(20:53 / Allies) bLinn: ?
(20:57 / Allies) dirtmcwordup: no
(21:00 / Allies) dirtmcwordup: fat bear and
(21:03 / Allies) dirtmcwordup: make me fucking shop
(21:09 / Allies) dirtmcwordup: hush and shush
(21:18 / All) DaRkXxPaNtHeRx: lol
(21:21 / All) DaRkXxPaNtHeRx: chims
(21:22 / Allies) BEAR_AND: did u get batted. lol
(21:25 / All) DaRkXxPaNtHeRx: yummy =)
(21:27 / Allies) bLinn: lost one
(21:31 / All) BEAR_AND: u kill one?
(21:33 / All) BEAR_AND: lmfao
(21:47 / Allies) BEAR_AND: bats fly
(21:53 / Allies) dirtmcwordup: buh bye alter
(21:57 / All) BEAR_AND: o shit.
(22:04 / All) BEAR_AND: mmmmm toe
(22:07 / All) BEAR_AND: delicious
(22:21 / All) DaRkXxPaNtHeRx: lol
(22:23 / All) DaRkXxPaNtHeRx: hes so silly
(23:36 / All) DaRkXxPaNtHeRx: green
(23:38 / All) DaRkXxPaNtHeRx: ur a silly guy
(23:56 / All) dirtmcwordup: fuck gar goyles..
(24:02 / All) bLinn: wow you got owned so hard
(24:05 / All) DaRkXxPaNtHeRx: red said lol gargs
(24:08 / All) DaRkXxPaNtHeRx: so please deal
(24:13 / All) BEAR_AND: ???????????
(24:26 / All) DaRkXxPaNtHeRx: red likes to blow penis
(24:27 / All) BEAR_AND: lose more shit to tower hahahahhah bwahahahh
(24:29 / All) DaRkXxPaNtHeRx: its fine
(24:37 / All) BEAR_AND: its fine u got no more gold
(24:37 / All) BEAR_AND: fine
(25:04 / All) bLinn: OOPS
(25:08 / All) bLinn: OOPS
(25:11 / All) BEAR_AND: nice. u never replace thos echim
(25:16 / All) DaRkXxPaNtHeRx: no
(25:20 / All) dirtmcwordup: fat noop never catch me
(25:26 / All) DaRkXxPaNtHeRx: awww i should control them
(25:30 / All) DaRkXxPaNtHeRx: orange is a silly guy
(26:10 / All) DaRkXxPaNtHeRx: RED
(26:11 / Allies) dirtmcwordup: i killed like 6 bat with blizz
(26:11 / All) DaRkXxPaNtHeRx: budy!
(26:19 / All) BEAR_AND: lmao are you tired of getting owned yet?
(26:31 / All) bLinn: just leave, make it easy on yourself...
(26:39 / All) DaRkXxPaNtHeRx: no
(26:42 / All) DaRkXxPaNtHeRx: then were making it easyer for u
(26:44 / All) DaRkXxPaNtHeRx: Silly nob
(26:47 / All) xXtheReaperXx: this is pretty easy lawl
(27:09 / Allies) BEAR_AND: wood pleas
(27:15 / All) BEAR_AND: oops, where ur mines?
(27:21 / All) DaRkXxPaNtHeRx: bats took it
(28:09 / Allies) dirtmcwordup: my mines are gone
(28:18 / All) DaRkXxPaNtHeRx: LOL"
(28:48 / All) BEAR_AND: nope, nope
(28:50 / Allies) bLinn: circlet of brobility
(28:56 / All) DaRkXxPaNtHeRx: ya huh
(29:04 / All) BEAR_AND: are u retard?
(29:07 / All) BEAR_AND: what is wrong wiht you.
(29:09 / All) dirtmcwordup: hahaha fatso noob
(29:13 / All) DaRkXxPaNtHeRx: ur vagaina
(29:15 / All) DaRkXxPaNtHeRx: Fucking scrub
(29:24 / All) BEAR_AND: "fucking scrub" he say. lmfao i do
(29:30 / All) DaRkXxPaNtHeRx: im a girl
(29:31 / All) DaRkXxPaNtHeRx: Fucking retard
(29:34 / All) BEAR_AND: nah, nope
(29:38 / All) DaRkXxPaNtHeRx: please learn how to play and them gimme a call
(29:38 / All) BEAR_AND: if you are, u are fat & huge
(29:42 / All) BEAR_AND: quit now! bye
(29:45 / All) deadplaya: yo guys
(29:51 / All) deadplaya: quess what?
(29:51 / All) DaRkXxPaNtHeRx: i lvoe fat chicks
(29:52 / All) dirtmcwordup: pics please
(29:55 / All) dirtmcwordup: where u live purple
(29:56 / All) deadplaya: ur done
(29:57 / All) DaRkXxPaNtHeRx: noob
(30:00 / All) dirtmcwordup: i want to suck on your tits.
(30:00 / All) BEAR_AND: ur done?
(30:02 / All) BEAR_AND: no ur done>
(30:04 / All) DaRkXxPaNtHeRx: United states of ur mothers vagina
(30:06 / All) BEAR_AND: u gonna disc hack? lmfao
(30:08 / All) deadplaya: u using maphack
(30:09 / All) DaRkXxPaNtHeRx: oh happily
(30:16 / All) DaRkXxPaNtHeRx: hack more plz
(31:07 / Allies) dirtmcwordup: retreat to forward outpost.
(31:14 / All) DaRkXxPaNtHeRx: OL GREEN
(31:17 / All) DaRkXxPaNtHeRx: LEVEL 5 HERO
(31:19 / All) DaRkXxPaNtHeRx: FUCKING NOOB
(31:23 / All) BEAR_AND: bye bitch,
(31:23 / All) bLinn: hehe
(31:24 / All) BEAR_AND: hahahah
(31:25 / All) bLinn: good game noob
(31:27 / All) DaRkXxPaNtHeRx: IM NOT leaving
(31:28 / All) bLinn: have fun on the owned list
(31:29 / All) DaRkXxPaNtHeRx: lol
(31:29 / All) BEAR_AND: ok
(31:30 / All) dirtmcwordup: purp u a girl.
(31:32 / All) BEAR_AND: enjoy pwn list!
(31:33 / All) dirtmcwordup: i want to fuck u..
(31:38 / All) DaRkXxPaNtHeRx: what part of yes dont u understand
(31:41 / All) DaRkXxPaNtHeRx: so does greens warden
(31:44 / All) dirtmcwordup: asl.
(31:45 / All) DaRkXxPaNtHeRx: but i kinda microed it
(31:46 / All) bLinn: lol nerd thinks he's pro because he has hid his tree somewhere..
(32:05 / All) dirtmcwordup: asl
(32:06 / All) DaRkXxPaNtHeRx: retared....
(32:18 / All) DaRkXxPaNtHeRx: SEE retard?
(32:19 / All) BEAR_AND: lmfao ur reveal
(32:21 / All) bLinn: wow couldn't even do that
(32:24 / All) bLinn: you are garbage.. you are scum
(32:30 / All) xXtheReaperXx: LOL GO ZIGGS!!!!
(32:32 / All) BEAR_AND: u gonna disc hack?
(33:06 / All) DaRkXxPaNtHeRx: AWW
(33:10 / All) DaRkXxPaNtHeRx: They learned
(33:17 / All) dirtmcwordup: ?!?!?!?!?
(33:23 / All) BEAR_AND: lmfao....u so owned
(33:28 / All) DaRkXxPaNtHeRx: LOL
(33:29 / All) DaRkXxPaNtHeRx: HE DID
(33:47 / All) bLinn: gg noob
(34:08 / All) DaRkXxPaNtHeRx: u love to get it hard in the ass dont u
(34:13 / All) BEAR_AND: u love to lOSE!!!!!!!!
(34:14 / All) dirtmcwordup: ye.s
(34:15 / All) BEAR_AND: lmfao
(34:24 / All) DaRkXxPaNtHeRx: i lvoe scrubs with map hack
(34:26 / All) BEAR_AND: LMAO
(34:27 / All) bLinn: hahaha
(34:28 / All) DaRkXxPaNtHeRx: u just gotta love them